 Dungeon Crawl Stone Soup version 0.19.0 (webtiles) character file.

133446 Danakh the Bludgeoner (level 16, -1/144 (151) HPs)
             Began as a Minotaur Fighter on Nov 7, 2016.
             Was an Elder of Trog.
             Succumbed to poison (poison gas)
             ... on level 4 of the Swamp.
             The game lasted 01:35:18 (31723 turns).

Danakh the Bludgeoner (Minotaur Fighter)           Turns: 31723, Time: 01:35:18

HP:   -1/144 (151)  AC: 30    Str: 27    XL:     16   Next: 59%
MP:   19/19         EV:  6    Int: 13    God:    Trog [****..]
Gold: 1761          SH: 21    Dex: 15    Spells: 0 memorised, 15 levels left

rFire  + + +     SeeInvis .     R - +2 flail of Action {elec, *Contam rElec rF+ Int+4} (curse)
rCold  . . .     Gourm    .     G - +0 plate armour
rNeg   + . .     Faith    .     P - +0 large shield
rPois  .         Spirit   .     (helmet restricted)
rElec  +         Reflect  .     J - +2 cloak
rCorr  .         Harm     .     Q - +1 pair of gloves
MR     +++..     Clarity  +     I - +2 pair of boots of Knowledge {rF+ rN+}
Stlth  ..........               t - amulet of inaccuracy (curse)
                                Z - +6 ring of dexterity
                                b - ring of loudness (curse)

@: lethally poisoned (-1 -> -29), regenerating
A: retaliatory headbutt, horns 2, icy blue scales 1, camouflage 1, clarity,
clever 2, clumsy 1, fire resistance 1, shaggy fur 1
a: Berserk, Trog's Hand, Brothers in Arms, Burn Spellbooks, Renounce Religion


You were on level 4 of the Swamp.
You worshipped Trog.
Trog was greatly pleased with you.
You were not hungry.

You visited 5 branches of the dungeon, and saw 28 of its levels.

You collected 2725 gold pieces.
You spent 964 gold pieces at shops.

Inventory:

Hand Weapons
 H - the +6 eveningstar "Lixeev" {protect, *Drain Str+5 Int+2, unknown}
   (Trog gifted it to you on level 2 of the Orcish Mines)

   It protects the one who uses it against injury (+AC on strike).
   It affects your strength (+5).
   It affects your intelligence (+2).
   It causes draining when unequipped.
 R - the cursed +2 flail of Action (weapon) {elec, *Contam rElec rF+ Int+4}
   (You found it on level 9 of the Dungeon)

   Occasionally, upon striking a foe, it will discharge some electrical energy
   and cause terrible harm.
   It affects your intelligence (+4).
   It protects you from fire.
   It insulates you from electricity.
   It causes magical contamination when unequipped.
   It has a curse placed upon it.
 W - the +9 broad axe of Uncertain Death {chop, rF+ rC++ MR++, unknown}
   (Trog gifted it to you on level 2 of the Swamp)

   It inflicts extra damage upon your enemies.
   It protects you from fire.
   It greatly protects you from cold.
   It affects your resistance to hostile enchantments.
Armour
 n - +0 swamp dragon scales
 G - a +0 plate armour (worn)
 I - the +2 pair of boots of Knowledge (worn) {rF+ rN+}
   (You bought it in a shop on level 2 of the Orcish Mines)

   It protects you from fire.
   It protects you from negative energy.
 J - a +2 cloak (worn)
 P - a +0 large shield (worn)
 Q - a +1 pair of gloves (worn)
Jewellery
 b - a cursed ring of loudness (left hand)
 t - a cursed amulet of inaccuracy (around neck)
 A - an uncursed ring of see invisible
 Z - a +6 ring of dexterity (right hand)
Wands
 a - a wand of acid (4/15)
 j - a wand of lightning (0/15)
 p - a wand of polymorph (7/24)
 q - a wand of polymorph (10/24)
 r - a wand of flame (13/48)
 C - a wand of flame (19/48)
 F - a wand of iceblast (2/15)
 N - a wand of lightning (9/15)
 S - a wand of lightning (9/15)
 Y - a wand of digging (13/24)
Scrolls
 c - 3 scrolls of teleportation {unknown}
 d - 2 scrolls of noise {unknown}
 h - a scroll of recharging {unknown}
 k - a scroll of enchant weapon {unknown}
 l - a scroll of remove curse {unknown}
Potions
 g - 2 potions of degeneration {unknown}
Books
 L - a book of Minor Magic

   Spells                             Type                      Level
   a - Magic Dart                     Conjuration                  1
   b - Blink                          Translocation                2
   c - Call Imp                       Summoning                    2
   d - Repel Missiles                 Charms/Air                   2
   e - Slow                           Hexes                        2
   f - Conjure Flame                  Conjuration/Fire             3
   g - Mephitic Cloud                 Conjuration/Poison/Air       3
   Trog disapproves of the use of such an item.
 T - a book of Necromancy

   Spells                             Type                      Level
   a - Pain                           Necromancy                   1
   b - Animate Skeleton               Necromancy                   1
   c - Vampiric Draining              Necromancy                   3
   d - Regeneration                   Charms/Necromancy            3
   e - Animate Dead                   Necromancy                   4
   f - Control Undead                 Necromancy                   4
   Trog disapproves of the use of such an item.
Miscellaneous
 e - a fan of gales
 i - a phantom mirror
 x - a phial of floods
Comestibles
 f - 13 bread rations
 m - 6 royal jellies
 D - 12 meat rations


   Skills:
 + Level 15.9 Fighting
 - Level 10.9(15.9) Axes
 * Level 18.5(19.4) Maces & Flails
 + Level 15.8 Armour
 + Level 15.5 Shields
 - Level 5.9 Evocations


You had 15 spell levels left.
You didn't know any spells.

Dungeon Overview and Level Annotations

Branches:
Dungeon (15/15)            Temple (1/1) D:4            Lair (6/6) D:11
  Swamp (4/4) Lair:3        Snake (0/4) Lair:3        Slime (0/5) Lair:5
    Orc (2/2) D:12            Elf (0/3) Orc:2        Vaults (0/5) D:13
 Depths (0/5) D:15

Altars:
Ashenzari
Cheibriados
Dithmenos
Elyvilon
Fedhas
Gozag
Hepliaklqana
Kikubaaqudgha
Makhleb
Nemelex Xobeh
Okawaru
Qazlal
Ru
Sif Muna
Trog
Uskayaw
Vehumet
Xom
Yredelemnul
Zin
The Shining One
Beogh
Jiyva

Shops:
D:8 [(:[%   D:11 :   D:14 }   Orc:1 }   Orc:2 *[!*

Annotations:
D:12 Maurice


Innate Abilities, Weirdness & Mutations

You reflexively headbutt those who attack you in melee.
You have a pair of horns on your head.
You are partially covered in icy blue scales. (AC +2)
Your skin changes colour to match your surroundings (Stealth+).
You possess an exceptional clarity of mind.
Your mind is very acute. (Int +4)
You are clumsy. (Dex -2)
Your flesh is heat resistant. (rF+)
You are covered in fur. (AC +1)


Message History

You feel extremely sick.
Things that are here:
+0 swamp dragon scales; a swamp dragon corpse
* * * LOW HITPOINT WARNING * * *
You feel extremely sick.
Evoke which item? (* to show all) (? for menu, Esc to quit)
Okay, then.
Wear which item? (? for menu, Esc to quit)
Okay, then.
* * * LOW HITPOINT WARNING * * *
You feel extremely sick.
* * * LOW HITPOINT WARNING * * *
You feel very sick.
* * * LOW HITPOINT WARNING * * *
You feel very sick.
* * * LOW HITPOINT WARNING * * *
You feel very sick.
* * * LOW HITPOINT WARNING * * *
You feel very sick.
You die...

♣♣♣≈≈≈.♣♣ ♣♣.≈≈..♣♣♣♣♣ ♣≈♣
♣≈≈≈≈≈.♣♣♣♣≈≈≈.♣♣♣ ♣≈♣♣≈♣
♣≈≈≈≈..≈≈♣♣.≈≈♣♣♣♣♣♣...≈♣♣
♣♣♣♣♣≈(...≈.≈≈≈.≈≈†[†≈≈≈≈♣
♣≈≈≈≈..........≈≈≈≈≈♣♣
♣♣♣♣≈≈≈≈≈≈≈.≈..≈≈..≈≈≈≈♣
♣≈♣♣♣≈≈≈≈≈≈.).≈≈..≈≈≈≈≈♣
♣.≈♣≈≈≈≈≈≈≈..≈≈≈≈≈≈≈..♣♣♣
♣♣♣≈...≈≈≈...@.≈≈≈≈≈≈≈..≈.♣
♣≈≈≈.≈≈≈≈≈♣.÷♣≈≈≈≈≈≈≈≈≈≈≈≈♣
♣.≈.≈≈≈♣♣♣≈.<♣≈..≈≈≈≈..≈≈≈♣♣
♣♣♣≈...♣
♣♣..≈...≈≈≈≈.≈.[.§♣♣♣
♣♣♣..♣♣ ♣.≈≈....≈≈≈≈.≈≈.≈≈.♣
♣♣≈≈♣ ♣.≈≈.♣♣.≈≈≈≈.≈≈≈≈≈§.
♣♣♣♣♣♣♣♣≈.♣♣≈.§≈.≈≈≈≈≈≈≈.
♣≈§≈♣♣♣♣♣≈.....≈≈≈≈.≈
♣♣♣≈...♣ ♣♣♣♣≈≈≈.≈§..≈


There were no monsters in sight!

Vanquished Creatures
  3 thorn hunters
  Louise (Swamp:2)
  A dire elephant (Lair:6)
  Snorg (Lair:3)
  Josephine (Lair:3)
  Fannar (Lair:1)
  A ghost crab (Swamp:2)
  8 vault guards
  13 hydras
  Harold (Lair:3)
  A death knight (D:15)
  2 centaur warriors
  3 catoblepae (Lair:6)
  6 death yaks (Lair:6)
  6 alligators
  A deep troll shaman (Lair:6)
  Urug (Lair:4)
  3 orc high priests (Orc:2)
  A tengu warrior (D:14)
  5 spriggans
  2 death drakes (shapeshifter) (D:15)
  2 unseen horrors
  A glowing orange brain (D:15)
  A spriggan druid (Swamp:2)
  2 shambling mangroves
  8 swamp dragons
  A mana viper (shapeshifter) (D:15)
  5 hill giants
  A deep elf mage (D:14)
  3 cyclopes
  10 ugly things
  4 orc sorcerers (Orc:2)
  6 orc knights (Orc:2)
  12 elephants (Lair:6)
  3 manticores
  Joseph (Lair:1)
  5 black mambas
  2 gargoyles
  An eye of devastation (shapeshifter) (D:15)
  19 spiny frogs
  A kobold demonologist (D:11)
  A freezing wraith (D:15)
  3 rime drakes (Lair:6)
  7 komodo dragons
  A redback zombie (D:14)
  A tengu conjurer (D:13)
  4 trolls
  5 tyrant leeches
  A polar bear (Lair:6)
  2 two-headed ogres
  9 hornets
  14 blink frogs
  16 hippogriffs
  11 bog bodies
  28 slime creatures
  A meliai zombie (D:13)
  2 water elementals (D:13)
  3 wyverns
  4 shadows
  2 vampires
  5 wraiths
  26 yaks
  A fire elemental (D:14)
  A hog (shapeshifter) (D:15)
  3 basilisks
  A hungry ghost (D:10)
  A steam dragon (Lair:4)
  22 insubstantial wisps
  24 vampire mosquitoes
  A warg (shapeshifter) (D:13)
  4 wargs (Orc:2)
  17 swamp worms
  Duvessa (D:6)
  Menkaure (D:6)
  15 water moccasins
  3 soldier ants
  14 porcupines
  11 swamp drakes
  A necrophage (D:7)
  19 orc warriors
  3 phantoms
  A sky beast (shapeshifter) (D:15)
  2 eyes of draining
  2 black bears
  7 ice beasts
  4 sky beasts
  6 wolves (Lair:6)
  8 ogres
  11 centaurs
  14 crocodiles
  6 big kobolds
  14 bullfrogs
  A wyvern zombie (D:6)
  A wyvern skeleton (D:13)
  Dowan (D:6)
  A water moccasin skeleton (D:7)
  3 scorpions
  2 troll zombies (D:12)
  13 killer bees
  A vampire bat (D:3)
  6 electric eels
  5 howler monkeys
  9 crimson imps
  4 bullfrog zombies
  3 centaur zombies
  4 bullfrog skeletons
  3 centaur skeletons
  20 orc priests
  Crazy Yiuf (D:5)
  2 hounds
  14 jellies
  Jessica (D:2)
  2 iguanas
  25 orc wizards
  13 worker ants
  6 ogre zombies (D:12)
  A hound skeleton (D:6)
  A worker ant zombie (D:6)
  4 gnolls
  15 adders
  A howler monkey skeleton (D:4)
  3 shadow imps
  22 oozes
  4 worms
  A dart slug (D:1)
  5 leopard geckos
  72 orcs
  14 bats
  9 giant cockroaches
  9 goblins
  9 hobgoblins
  12 jackals
  A quokka (D:2)
  6 ball pythons
  5 frilled lizards
  A hobgoblin skeleton (D:12)
  2 hobgoblin zombies (D:12)
  47 kobolds
  4 orc skeletons (D:12)
  18 orc zombies (D:12)
  A quokka zombie (D:3)
  10 rats
  A fungus (D:5)
  4 plants (D:8)
937 creatures vanquished.

Vanquished Creatures (collateral kills)
  A thorn hunter (Swamp:2)
  A very ugly thing (Swamp:1)
  A hydra (Swamp:1)
  A spriggan druid (Swamp:3)
  2 spiny frogs (Swamp:2)
  A bog body (Swamp:1)
  2 hornets (Swamp:1)
  A shadow (Swamp:2)
  2 spriggans (Swamp:1)
  3 swamp worms
  A swamp drake (Swamp:3)
16 creatures vanquished.

Vanquished Creatures (others)
  An electric eel (D:14)
  A worker ant zombie (D:8)
  3 briar patches
  4 fungi
  9 plants
18 creatures vanquished.

Grand Total: 971 creatures vanquished

Notes
Turn   | Place    | Note
-------+----------+-------------------------------------------
     0 | D:1      | Danakh the Minotaur Fighter began the quest for the Orb.
     0 | D:1      | Reached XP level 1. HP: 19/19 MP: 0/0
   134 | D:1      | Reached XP level 2. HP: 22/27 MP: 1/1
   527 | D:2      | Reached XP level 3. HP: 31/33 MP: 2/2
   709 | D:2      | Noticed Jessica
   717 | D:2      | Killed Jessica
   717 | D:2      | Reached XP level 4. HP: 35/40 MP: 3/3
   727 | D:2      | Identified Jessica's Disquisition on Darkness
  1262 | D:3      | Reached XP level 5. HP: 45/47 MP: 4/4
  1742 | D:4      | Reached skill level 5 in Axes
  1742 | D:4      | Reached skill level 5 in Armour
  1797 | D:4      | Reached XP level 6. HP: 46/55 MP: 5/5
  1846 | D:4      | Reached skill level 5 in Fighting
  1974 | D:4      | Reached skill level 5 in Shields
  2106 | D:4      | Found a staircase to the Ecumenical Temple.
  2116 | Temple   | Entered the Ecumenical Temple
  2161 | Temple   | Became a worshipper of Trog the Wrathful
  2398 | D:5      | Entered Level 5 of the Dungeon
  2751 | D:5      | Reached XP level 7. HP: 61/61 MP: 6/6
  3012 | D:5      | Found a runed door.
  3016 | D:5      | Noticed Crazy Yiuf
  3021 | D:5      | Killed Crazy Yiuf
  3109 | D:6      | Noticed Duvessa
  3109 | D:6      | Noticed Dowan
  3128 | D:6      | Killed Dowan
  3136 | D:6      | Killed Duvessa
  3374 | D:6      | Gained mutation: Your flesh is heat resistant. (rF+) [mutagenic meat]
  3375 | D:6      | Gained mutation: You are partially covered in yellow scales. (AC +2) [mutagenic meat]
  3376 | D:6      | Gained mutation: You have large cloven feet. [mutagenic meat]
  3377 | D:6      | Lost mutation: You are partially covered in yellow scales. (AC +2) [mutagenic meat]
  3540 | D:6      | Noticed Menkaure
  3550 | D:6      | Killed Menkaure
  3694 | D:6      | Reached XP level 8. HP: 49/70 MP: 7/7
  4053 | D:6      | Gained mutation: You are robust. (+10% HP) [mutagenic meat]
  4054 | D:6      | Gained mutation: Scrolls take you a little longer to read. [mutagenic meat]
  4056 | D:6      | Gained mutation: You are covered in fur. (AC +1) [mutagenic meat]
  4057 | D:6      | Lost mutation: You have large cloven feet. [mutagenic meat]
  4313 | D:7      | Noticed a hippogriff
  4319 | D:7      | Killed a hippogriff
  4405 | D:7      | Reached * piety under Trog
  4600 | D:7      | Noticed a hippogriff
  4602 | D:7      | Reached XP level 9. HP: 57/85 MP: 8/8
  5108 | D:8      | Reached skill level 10 in Axes
  5211 | D:8      | Found Awoe's Food Shop.
  5252 | D:8      | Found Yfoul's Armour Emporium.
  5260 | D:8      | Bought a +1 cloak for 161 gold pieces
  5260 | D:8      | Bought a +0 large shield for 63 gold pieces
  5260 | D:8      | Bought a +1 pair of gloves for 161 gold pieces
  5320 | D:8      | Found Ilyacegg's Book Emporium.
  5518 | D:8      | Found Citum's Antique Armour Shoppe.
  5767 | D:8      | Found Sommatie's Antique Weapon Shop.
  5870 | D:8      | Reached ** piety under Trog
  6120 | D:9      | Found a basalt altar of Yredelemnul.
  6229 | D:9      | Got a crude flail
  6230 | D:9      | Identified the cursed +2 flail of Action {elec, *Contam rElec rF+ Int+4} (You found it on level 9 of the Dungeon)
  6298 | D:9      | Reached skill level 1 in Maces & Flails
  6298 | D:9      | Reached XP level 10. HP: 89/98 MP: 9/9
  6315 | D:9      | Reached skill level 2 in Maces & Flails
  6494 | D:10     | Entered Level 10 of the Dungeon
  6512 | D:10     | Reached skill level 3 in Maces & Flails
  6631 | D:10     | Reached *** piety under Trog
  7019 | D:10     | Found a bloodstained altar of Trog.
  7022 | D:10     | Reached skill level 4 in Maces & Flails
  7862 | D:11     | Noticed a hill giant
  7869 | D:11     | Killed a hill giant
  7869 | D:11     | Reached skill level 5 in Maces & Flails
  7946 | D:11     | Noticed a cyclops
  7956 | D:11     | Killed a cyclops
  7956 | D:11     | Reached **** piety under Trog
  8182 | D:11     | Reached skill level 6 in Maces & Flails
  8265 | D:11     | Found Icoudy's Book Shop.
  8306 | D:11     | Noticed an unseen horror
  8319 | D:11     | Killed an unseen horror
  8322 | D:11     | Reached skill level 10 in Fighting
  8396 | D:11     | Reached skill level 7 in Maces & Flails
  8413 | D:11     | Noticed a green ugly thing
  8415 | D:11     | Noticed a cyan ugly thing
  8422 | D:11     | Killed a green ugly thing
  8422 | D:11     | Reached XP level 11. HP: 107/107 MP: 10/10
  8433 | D:11     | Killed a green ugly thing
  8437 | D:11     | Reached skill level 10 in Armour
  8443 | D:11     | Gained mutation: You possess an exceptional clarity of mind. [mutagenic meat]
  8701 | D:11     | Noticed a hill giant
  8706 | D:11     | Killed a hill giant
  8706 | D:11     | Reached skill level 8 in Maces & Flails
  8712 | D:11     | Reached skill level 10 in Shields
  8807 | D:11     | Found a staircase to the Lair.
  9155 | D:12     | Reached ***** piety under Trog
  9196 | D:12     | Noticed a red ugly thing
  9203 | D:12     | Killed a red ugly thing
  9345 | D:12     | Reached skill level 9 in Maces & Flails
  9513 | D:12     | Noticed a cyan ugly thing
  9529 | D:12     | Killed a cyan ugly thing
  9588 | D:12     | Noticed Maurice
  9624 | D:12     | Received a gift from Trog
  9677 | D:12     | Found a staircase to the Orcish Mines.
  9932 | Lair:1   | Entered Level 1 of the Lair of Beasts
  9979 | Lair:1   | Reached skill level 10 in Maces & Flails
 10359 | Lair:1   | Reached XP level 12. HP: 102/120 MP: 11/11
 10369 | Lair:1   | Received a gift from Trog
 10798 | Lair:1   | Noticed Fannar
 10811 | Lair:1   | Killed Fannar
 10906 | Lair:1   | Noticed Joseph
 10920 | Lair:1   | Killed Joseph
 10920 | Lair:1   | Reached skill level 11 in Maces & Flails
 11560 | Lair:2   | Noticed a seven-headed hydra
 11569 | Lair:2   | Killed a seven-headed hydra
 12159 | Lair:3   | Found a staircase to the Swamp.
 12269 | Lair:3   | Found a staircase to the Snake Pit.
 12288 | Lair:3   | Reached skill level 12 in Maces & Flails
 12340 | Lair:3   | Noticed Harold
 12353 | Lair:3   | Killed Harold
 12491 | Lair:3   | Reached ****** piety under Trog
 12547 | Lair:3   | Received a gift from Trog
 13287 | Lair:3   | Noticed Snorg
 13297 | Lair:3   | Killed Snorg
 13431 | Swamp:1  | Entered Level 1 of the Swamp
 13431 | Swamp:1  | Noticed Josephine
 13439 | Lair:3   | Killed Josephine
 13439 | Lair:3   | Reached XP level 13. HP: 126/129 MP: 12/12
 13568 | Lair:4   | Noticed Urug
 13577 | Lair:4   | Killed Urug
 14478 | Lair:5   | Reached skill level 13 in Maces & Flails
 14747 | Lair:5   | Found a runed door.
 14749 | Lair:5   | Found a viscous altar of Jiyva.
 14750 | Lair:5   | Found a staircase to the Slime Pits.
 14762 | Lair:5   | Reached skill level 1 in Evocations
 15240 | Lair:6   | Entered Level 6 of the Lair of Beasts
 15969 | Lair:6   | Reached skill level 14 in Maces & Flails
 16335 | Lair:6   | Received a gift from Trog
 16335 | Lair:6   | Reached XP level 14. HP: 128/140 MP: 15/15
 17348 | Orc:1    | Entered Level 1 of the Orcish Mines
 17348 | Orc:1    | Found a roughly hewn altar of Beogh.
 17537 | Orc:1    | Reached skill level 15 in Maces & Flails
 17629 | Orc:2    | Entered Level 2 of the Orcish Mines
 17629 | Orc:2    | Found a staircase to the Elven Halls.
 17822 | Orc:1    | Found Dexotiq's Gadget Shoppe.
 18556 | Orc:2    | Received a gift from Trog
 18589 | Orc:2    | Got a translucent eveningstar {god gift}
 19042 | Orc:2    | Found Igisoth's General Store.
 19042 | Orc:2    | Found Cufeatat's General Store.
 19050 | Orc:2    | Found Goschirr's Antique Armour Boutique.
 19050 | Orc:2    | Found Humyecol's Distillery.
 19058 | Orc:2    | Reached skill level 5 in Evocations
 19076 | Orc:2    | Bought a pair of crude boots for 275 gold pieces
 19076 | Orc:2    | Bought a runed cloak for 304 gold pieces
 19081 | Orc:2    | Identified the +2 pair of boots of Knowledge {rF+ rN+} (You bought it in a shop on level 2 of the Orcish Mines)
 19426 | D:13     | Found a gate to the Vaults.
 19434 | D:13     | Received a gift from Trog
 20481 | D:13     | Received a gift from Trog
 20646 | D:13     | Reached skill level 16 in Maces & Flails
 20646 | D:13     | Reached XP level 15. HP: 143/151 MP: 18/18
 21745 | D:14     | Found Mafaonacw's Quality Used Wands.
 22232 | D:15     | Entered Level 15 of the Dungeon
 22247 | D:15     | Found a blossoming altar of Fedhas.
 22623 | D:15     | Received a gift from Trog
 23106 | D:15     | Found a sparkling altar of Nemelex Xobeh.
 23537 | D:15     | Gained mutation: Your spells are a little easier to cast, but a little less powerful. [a shining eye]
 23539 | D:15     | Gained mutation: You are clumsy. (Dex -2) [a shining eye]
 23568 | D:15     | Lost mutation: Your spells are a little easier to cast, but a little less powerful. [mutagenic meat]
 23569 | D:15     | Gained mutation: Your mind is acute. (Int +2) [mutagenic meat]
 23570 | D:15     | Gained mutation: You are partially covered in icy blue scales. (AC +2) [mutagenic meat]
 23575 | D:15     | Gained mutation: You are resistant to hostile enchantments. (MR+) [mutagenic meat]
 23576 | D:15     | Lost mutation: Scrolls take you a little longer to read. [mutagenic meat]
 23577 | D:15     | Lost mutation: You are robust. (+10% HP) [mutagenic meat]
 23578 | D:15     | Lost mutation: You are resistant to hostile enchantments. (MR+) [mutagenic meat]
 23579 | D:15     | Gained mutation: Your mind is very acute. (Int +4) [mutagenic meat]
 23580 | D:15     | Gained mutation: Your skin changes colour to match your surroundings (Stealth+). [mutagenic meat]
 23830 | D:15     | Found a staircase to the Depths.
 24490 | Swamp:1  | Noticed a thorn hunter
 24513 | Swamp:1  | Killed a thorn hunter
 24513 | Swamp:1  | Reached skill level 17 in Maces & Flails
 24876 | Swamp:1  | Reached skill level 15 in Fighting
 26138 | Swamp:2  | Noticed Louise
 26159 | Swamp:2  | Killed Louise
 26159 | Swamp:2  | Received a gift from Trog
 26159 | Swamp:2  | Reached skill level 15 in Armour
 26165 | Swamp:2  | Got a shimmering broad axe {god gift}
 26205 | Swamp:2  | Noticed a thorn hunter
 26225 | Swamp:2  | Killed a thorn hunter
 26803 | Swamp:1  | Reached XP level 16. HP: 66/147 MP: 19/19
 27524 | Swamp:2  | Noticed a thorn hunter
 27546 | Swamp:2  | Paralysed by a hornet for 3 turns
 27553 | Swamp:2  | Paralysed by a hornet for 2 turns
 27557 | Swamp:2  | Paralysed by a hornet for 1 turns
 27604 | Swamp:2  | Killed a thorn hunter
 27604 | Swamp:2  | Reached skill level 15 in Shields
 28423 | Swamp:3  | Reached skill level 18 in Maces & Flails
 28828 | Swamp:3  | Received a gift from Trog
 28988 | Swamp:3  | Noticed a thorn hunter
 29053 | Swamp:3  | Killed a thorn hunter
 29681 | Swamp:4  | Entered Level 4 of the Swamp
 31721 | Swamp:4  | HP: 6/144 [poison (poison gas)]
 31722 | Swamp:4  | HP: 2/144 [poison (poison gas)]
 31723 | Swamp:4  | Succumbed to poison (poison gas)

Skill      XL: |  1  2  3  4  5  6  7  8  9 10 11 12 13 14 15 16 |
---------------+-------------------------------------------------+-----
Axes           | 3 4 5 6 7 9 10 | 10.9
Fighting       | 4 5 6 7 8 10 11 12 13 14 15 | 15.9
Armour         | 4 5 6 7 8 9 11 12 13 14 15 | 15.8
Shields        | 4 5 6 7 8 9 10 12 13 14 15 | 15.5
Maces & Flails | 1 7 10 12 14 16 17 18 | 18.5
Evocations     | 3 5 |  5.9

Action                   |  1- 3 |  4- 6 |  7- 9 | 10-12 | 13-15 | 16-18 || total
-------------------------+-------+-------+-------+-------+-------+-------++-------
Melee: War axe           |    80 |   163 |   306 |       |       |       ||   549
       Headbutt          |    12 |    29 |    67 |   170 |   485 |   144 ||   907
       Kick              |       |       |    12 |       |       |       ||    12
       Flail             |       |       |     9 |   897 |  1591 |   586 ||  3083
Invok: Burn Spellbooks   |       |     1 |     3 |     1 |     2 |       ||     7
       Berserk           |       |       |       |     4 |    12 |     5 ||    21
       Trog's Hand       |       |       |       |       |     6 |     4 ||    10
       Brothers in Arms  |       |       |       |       |     4 |     5 ||     9
Evoke: Wand              |       |       |       |       |     2 |     6 ||     8
  Eat: Chunk             |       |     6 |    21 |    31 |    52 |     6 ||   116
       Beef jerky        |       |       |       |     1 |     5 |       ||     6
       Fruit             |       |       |       |       |    10 |    13 ||    23
       Pizza             |       |       |       |       |     2 |       ||     2
       Royal jelly       |       |       |       |       |       |     4 ||     4
Armor: Scale mail        |    34 |       |       |       |       |       ||    34
       Chain mail        |     1 |    96 |    14 |       |       |       ||   111
       Plate armour      |       |       |   141 |   406 |   539 |   277 ||  1363
Dodge: Dodged            |    30 |    42 |    62 |    82 |   180 |    73 ||   469
Block: Shield            |    54 |    99 |   128 |       |       |       ||   281
       Large shield      |       |       |    83 |   809 |  1421 |   552 ||  2865
